AoeStats
← |GaoeG| flamingo

Arabia

509893128Analyzed
3v3 RM · 2d ago on Sep 28, 2026· 58m 41s· 6 players
Game mode
Random Map
Map size
Normal (6 player)
Population
200
Speed
Normal
Resources
Standard
Victory
Conquest
Starting age
Dark Age
Ending age
Imperial Age
RankedLock teamsTeams togetherTeam positionsShared explorationLock speedFull tech treeHidden civsTurbo modeCheats
Victory
Defeat
🇻🇳 Franks · Vietnam
1363
+15
🇦🇷 Malay · Argentina
1337
+16
🇺🇸 Italians · United States
1296
+18
🇪🇸 Mongols · Spain
1453
-21
🇪🇸 Vietnamese · Spain
1329
-16
🇪🇸 Persians · Spain
1230
-12
SuterOne
6:55 Loom
10:18 Feudal Age
19:09 Castle Age
18:55 Bloodlines
22:49 Forging
23:33 Husbandry
26:01 Scale Barding Armor
26:57 Arson
29:43 Chain Barding Armor
31:33 Wheelbarrow
36:38 Imperial Age
35:08 Town Watch
36:01 Iron Casting
35:37 Double-Bit Axe
35:38 Horse Collar
36:36 Gold Mining
38:18 Heavy Camel Rider
41:00 Plate Barding Armor
41:26 Blast Furnace
47:33 Conscription
47:36 Cavalier
|GaoeG| flamingo
7:03 Loom
10:15 Feudal Age
23:00 Double-Bit Axe
24:52 Wheelbarrow
28:10 Castle Age
26:34 Gold Mining
26:28 Horse Collar
27:12 Bloodlines
28:05 Fletching
29:17 Bow Saw
29:57 Bodkin Arrow
31:43 Husbandry
38:21 Ballistics
41:05 Padded Archer Armor
41:17 Thumb Ring
42:44 Hand Cart
49:59 Imperial Age
48:40 Leather Archer Armor
51:17 Paper Money
51:27 Bracer
54:03 Chemistry
56:14 Paper Money
JITANOmaleant7
6:25 Loom
10:11 Feudal Age
10:50 Double-Bit Axe
15:28 Fletching
23:06 Wheelbarrow
22:20 Horse Collar
28:27 Castle Age
27:34 Gold Mining
29:18 Thumb Ring
29:49 Bodkin Arrow
34:17 Bow Saw
37:29 Thumb Ring
38:07 Bloodlines
38:44 Husbandry
42:18 Padded Archer Armor
53:23 Gold Shaft Mining
57:38 Imperial Age
55:39 Ballistics
56:19 Leather Archer Armor
buzzkill
10:53 Feudal Age
14:58 Bloodlines
16:30 Double-Bit Axe
25:08 Loom
30:57 Castle Age
31:47 Fletching
35:19 Ballistics
35:10 Bodkin Arrow
41:01 Padded Archer Armor
43:56 Wheelbarrow
45:01 Bow Saw
46:24 Leather Archer Armor
50:55 Imperial Age
50:01 Hand Cart
51:41 Bracer
52:12 Ring Archer Armor
53:42 Conscription
56:30 Town Watch
CrisTheOne
6:42 Loom
9:51 Feudal Age
10:00 Double-Bit Axe
10:05 Man-at-Arms
11:57 Arson
24:24 Castle Age
23:23 Long Swordsman
24:04 Squires
25:32 Bow Saw
28:10 Forging
32:13 Wheelbarrow
34:11 Iron Casting
43:55 Imperial Age
47:27 Conscription
51:56 Blast Furnace
54:10 Elite Karambit Warrior
55:37 Town Watch
58:05 Fletching
CSA_MR_Patrick
2:46 Loom
9:33 Feudal Age
15:51 Scale Barding Armor
18:22 Forging
17:58 Double-Bit Axe
23:43 Castle Age
21:58 Double-Bit Axe
22:03 Gold Mining
25:06 Chain Barding Armor
25:45 Wheelbarrow
25:53 Husbandry
33:03 Imperial Age
30:46 Scale Mail Armor
31:48 Iron Casting
31:24 Bow Saw
31:50 Gold Shaft Mining
34:00 Hand Cart
33:15 Cavalier
33:17 Pikeman
34:15 Chain Mail Armor
36:30 Plate Barding Armor
37:53 Blast Furnace
38:00 Plate Mail Armor
37:40 Light Cavalry
41:11 Squires
40:33 Halberdier
42:49 Capped Ram
43:45 Stone Mining
44:36 Paladin
45:05 Arson
46:45 Fletching
46:56 Padded Archer Armor
48:36 Bodkin Arrow
49:50 Town Watch
50:22 Leather Archer Armor
51:08 Chemistry
51:05 Town Patrol
51:19 Masonry
51:04 Murder Holes
51:30 Ballistics
59:48 Coinage
Connection lost

Rejoining the realm…

Still unreachable

The connection could not be restored.

Session expired

The server has moved on; the page needs a fresh start.